 Dungeon Crawl Stone Soup version 0.31-a0-1237-gabc64e778c (webtiles) character file.

Game seed: 6350150424848265692

140793 quinnr the Devastator (level 17, 0/108 HPs)
             Began as a Tengu Air Elementalist on Dec 15, 2023.
             Was an Elder of Vehumet.
             Succumbed to a sea snake's poison
             ... on level 4 of the Shoals on Dec 16, 2023.
             The game lasted 01:36:02 (47529 turns).

quinnr the Devastator (Tengu Air Elementalist)     Turns: 47529, Time: 01:36:03

Health: 0/108      AC: 14    Str: 11    XL:     17   Next: 31%
Magic:  13/32      EV: 23    Int: 23    God:    Vehumet [****..]
Gold:   1695       SH: 10    Dex: 16    Spells: 7/36 levels left

rFire   + . .        L - staff of cold {!a}
rCold   + . .        Z - +0 buckler
rNeg    . . .        x - +2 robe {Will+}
rPois   +            Y - +1 hat
rElec   .            z - +1 cloak {rPois}
rCorr   .            R - +2 pair of gloves {Str+3}
SInv    .            (boots unavailable)
Will    ++...        B - amulet of reflection
Stlth   +++          f - ring of protection from fire
HPRegen 0.38/turn    T - +4 ring of protection
MPRegen 0.23/turn

%: reflection, acrobat
@: lethally poisoned (0 -> -38), flying, studying Throwing
A: beak, talons 3, evasive flight, acrobatic
a: Renounce Religion


You were on level 4 of the Shoals.
You worshipped Vehumet.
Vehumet was greatly pleased with you.
You visited 6 branches of the dungeon, and saw 27 of its levels.
You also visited: Gauntlet and Ice Cave.

You collected 2215 gold pieces.
You spent 520 gold pieces at shops.


Innate Abilities, Weirdness & Mutations

You have a beak for a mouth.
You have claws for feet.
Your magical flight helps you evade attacks. (EV +4)
You can magically evade attacks while moving or waiting.


   Skills:
 - Level 13.0 Fighting
 - Level 5.0 Throwing
 - Level 14.0 Dodging
 - Level 5.0 Stealth
 - Level 4.0 Shields
 - Level 10.0 Spellcasting
 + Level 20.1 Conjurations
 - Level 12.0 Air Magic
 + Level 6.1 Earth Magic
 - Level 10.0 Poison Magic
 - Level 4.0 Evocations


You had 7 spell levels left.
You knew the following spells:

 Your Spells              Type           Power      Damage    Failure   Level
a - Airstrike             Air            30%        2d(5-21)  1%          4
d - Orb of Destruction    Conj           40%        9d11      1%          7
i - Swiftness             Air            61%        N/A       1%          3
m - Mephitic Cloud        Conj/Pois/Air  66%        N/A       1%          3
o - Olgreb's Toxic Radia  Pois           55%        N/A       1%          4
p - Poisonous Vapours     Pois/Air       100%       N/A       1%          2
t - Static Discharge      Conj/Air       100%       3-8/arc   0%          2
w - Stone Arrow           Conj/Erth      100%       3d13      1%          3
z - Shock                 Conj/Air       100%       1d9       0%          1

Your spell library contained the following spells:

 Spells                   Type           Power      Damage    Failure   Level
 Conjure Ball Lightning   Conj/Air       35%        3x3d11    1%          6
 Magic Dart               Conj           100%       1d8       0%          1
 Searing Ray              Conj           100%       2d8       0%          2
 Foxfire                  Conj/Fire      100%       2x1d9     1%          1
 Sandblast                Erth           78%        2d17      1%          1
 Sting                    Tmut/Pois      100%       1d8       1%          1
 Hailstorm                Conj/Ice       72%        3d13      1%          3
 Brom's Barrelling Bould  Conj/Erth      64%        2d8       1%          4
 Fulminant Prism          Conj/Hex       27%        3d14      1%          4
 Bombard                  Conj/Erth      32%        9d6       1%          6
 Freeze                   Ice            68%        1d8       2%          1
 Passwall                 Tmut/Erth      20%        N/A       3%          2
 Scorch                   Fire           22%        2d5       3%          2
 Lee's Rapid Deconstruct  Erth           19%        3d11*     5%          5
 Frozen Ramparts          Ice            34%        1d6       7%          3
 Apportation              Tloc           22%        N/A       8%          1
 Slow                     Hex            44%        N/A       8%          1
 Jinxbite                 Hex            22%        N/A       12%         2
 Lesser Beckoning         Tloc           22%        N/A       12%         2
 Animate Armour           Summ/Erth      50%        N/A       22%         4
 Leda's Liquefaction      Hex/Erth       12%        N/A       22%         4
 Petrify                  Tmut/Erth      25%        N/A       22%         4
 Confusing Touch          Hex            11%        N/A       24%         3
 Gell's Gravitas          Tloc           11%        N/A       24%         3
 Sigil of Binding         Hex            11%        N/A       24%         3
 Summon Guardian Golem    Hex/Summ       11%        N/A       24%         3
 Teleport Other           Tloc           11%        N/A       24%         3
 Vampiric Draining        Necr           11%        2d6       24%         3
 Alistair's Intoxication  Tmut/Pois      22%        N/A       28%         5
 Spellforged Servitor     Conj/Summ      27%        N/A       28%         7
 Summon Ice Beast         Ice/Summ       17%        N/A       61%         4
 Summon Mana Viper        Hex/Summ       11%        N/A       91%         5
 Simulacrum               Ice/Necr       8%         N/A       100%        6
 Monstrous Menagerie      Summ           5%         N/A       100%        7
 Lehudib's Crystal Spear  Conj/Erth      32%        10d8      50%         8
 Borgnjor's Revivificati  Necr           5%         N/A       100%        8
 Infestation              Necr           5%         N/A       100%        8

Inventory:

Hand Weapons
 O - the +6 shillelagh "Devastator" {shatter}
   (You found it on level 10 of the Dungeon)
 Q - the +1 dagger of the Modern Tables {vamp, ^Contam rPois rN+ Will+}
   (You found it in a Gauntlet)

   rPois:     It protects you from poison rN+: It protects you from negative
   energy.
   Will+:     It increases your willpower.
   ^Contam:   It causes magical contamination when unequipped.
 W - a +4 dagger of speed
Missiles
 l - 4 silver javelins
 y - 2 throwing nets {=f}
 I - 3 javelins
 P - 3 curare-tipped darts {=f}
Armour
 g - the -1 pair of gloves of the Land of Plenty {Str+3}
   (You found it in an ice cave)

   Str+3:     It affects your strength (+3).
 x - a +2 robe of willpower (worn)
 z - a +1 cloak of poison resistance (worn)
 K - the +5 ice dragon scales of Sashobit {*Corrode rPois rF- rC++ Int+5 Dex+4}
   (You found it in an ice cave)

   Int+5:     It affects your intelligence (+5).
   Dex+4:     It affects your dexterity (+4).
   rF-:       It makes you vulnerable to fire.
   rC++:      It greatly protects you from cold.
   rPois:     It protects you from poison *Corrode: It may corrode you when you
   take damage.
 R - a +2 pair of gloves of strength (worn)
 Y - a +1 hat (worn)
 Z - a +0 buckler (worn)
Magical Staves
 A - the staff of Hell's Wrath {+Blink Fly rPois Poison, !a}
   (You took it off a minotaur in a Gauntlet)

   [staff of poison]

   Base accuracy: +5 Base damage: 5 Base attack delay: 1.2 This weapon's minimum
   attack delay (0.6) is reached at skill level 12.
   rPois:     It protects you from poison Fly: It grants you flight.
   +Blink:    It lets you blink.
   Poison:    It increases the power of your Poison spells.
   It falls into the 'Staves' category.
   It is a one-handed weapon.
 L - a staff of cold (weapon) {!a}
Jewellery
 f - a ring of protection from fire (left hand)
 j - an amulet of magic regeneration
 n - a ring of positive energy
 B - an amulet of reflection (around neck)
 C - a ring of ice
 F - a ring of protection from fire
 T - a +4 ring of protection (right hand)
Wands
 q - a wand of quicksilver (3)
 r - a wand of polymorph (14)
 t - a wand of flame (60)
 w - a wand of roots (17)
 D - a wand of charming (22)
Scrolls
 c - a scroll of poison
 d - 9 scrolls of teleportation {@r2}
 e - 5 scrolls of amnesia {unknown}
 h - 5 scrolls of fog
 k - a scroll of blinking
 o - 2 scrolls of summoning
 p - 7 scrolls of enchant armour {unknown}
 v - 3 scrolls of revelation
 E - 4 scrolls of enchant weapon
 J - a scroll of fear
Potions
 a - 3 potions of brilliance
 b - 2 potions of magic
 i - 4 potions of curing {@q1}
 m - 2 potions of cancellation
 s - 3 potions of might
 u - 2 potions of heal wounds {@q2}
 G - 4 potions of enlightenment
 M - 3 potions of mutation
 N - 2 potions of resistance
 U - a potion of lignification
 X - a potion of haste {@q3}
Miscellaneous
 H - a box of beasts
 S - a lightning rod (1/4)
 V - a phial of floods

Dungeon Overview and Level Annotations

Branches:
Dungeon (13/15)            Temple (1/1) D:4            Lair (5/5) D:11
 Shoals (4/4) Lair:3       Spider (2/4) Lair:2        Slime (0/5) Lair:5
    Orc (2/2) D:11            Elf (0/3) Orc:2         IceCv (visited)
Gauntlet (visited)
 Vaults: D:13-14

Altars:
Ashenzari
Cheibriados
Dithmenos
Elyvilon
Fedhas
Gozag
Hepliaklqana
Kikubaaqudgha
Makhleb
Nemelex Xobeh
Okawaru
Qazlal
Ru
Sif Muna
Trog
Uskayaw
Vehumet
Wu Jian
Xom
Yredelemnul
Zin
The Shining One
Jiyva

Shops:
D:3 =   Orc:2 ([*:

Annotations:
D:12 exclusion: downstairs
D:13 Jorgrun

..# ≈≈ ....# #≈≈ .!....#
#≈≈≈ ........######≈≈≈.
.................~~~..~.
................~~~~.~..
................~~~~~...
...............~@≈≈≈≈~~.
...............~†≈≈≈≈≈≈~
..............°t≈≈≈≈≈≈≈≈
.............°~~~≈≈≈≈≈≈≈
....../....○°..~~~≈≈≈≈≈≈
........~......~~~~≈≈≈≈≈
.#.######......~~~~~~~≈≈
####~~~~~#...........~≈≈
# #~~~.~#~#..........~~


You could see a snapping turtle (very poisoned).


Message History

You feel extremely sick.
The orb of destruction hits the water nymph!!!
You blow up the water nymph!
Vehumet accepts your kill. The sea snake closely misses you.
The sea snake completely misses you.
Unknown command.
Unknown command.
Casting: Static Discharge (safe; 0% risk of failure)
Confirm with . or Enter, or press ? or * to list all spells.
The sea snake is struck by an arc of lightning.
You kill the sea snake!
Vehumet accepts your kill.
You feel your power returning.
You are struck by an arc of lightning.
The sea snake is struck by an arc of lightning!
The sea snake is almost dead.
You are struck by an arc of lightning.
* * * LOW HITPOINT WARNING * * *
The sea snake is struck by an arc of lightning.
The sea snake is almost dead.
The lightning grounds out.
The sea snake is struck by an arc of lightning.
The sea snake is almost dead.
You are struck by an arc of lightning.
* * * LOW HITPOINT WARNING * * *
The sea snake is struck by an arc of lightning!
You kill the sea snake!
Vehumet accepts your kill.
You feel your power returning.
The snapping turtle is struck by an arc of lightning.
You die...

Skill      XL: |  1  2  3  4  5  6  7  8  9 10 11 12 13 14 15 16 17 |
---------------+----------------------------------------------------+-----
Conjurations   | 2 4 5 8 10 12 14 15 16 17 20 | 20.1
Air Magic      | 6 7 8 9 11 12 | 12.0
Fighting       | 3 5 9 12 13 | 13.0
Spellcasting   | 3 4 5 6 7 8 10 | 10.0
Dodging        | 4 5 6 10 11 14 | 14.0
Stealth        | 4 5 |  5.0
Earth Magic    | 1 4 5 6 |  6.1
Evocations     | 2 4 |  4.0
Poison Magic   | 4 6 10 | 10.0
Throwing       | 5 |  5.0
Shields        | 2 4 |  4.0

Action                     |  1- 3 |  4- 6 |  7- 9 | 10-12 | 13-15 | 16-18 || total
---------------------------+-------+-------+-------+-------+-------+-------++-------
  Melee: Unarmed           |     3 |       |       |       |    10 |       ||    13
         Peck              |     1 |       |     1 |     7 |    26 |     7 ||    42
         Dagger            |       |     3 |    14 |    10 |       |       ||    27
         Kick              |       |     1 |     5 |     9 |    39 |    12 ||    66
         Shillelagh        |       |       |       |     7 |       |       ||     7
         Staff             |       |       |       |     5 |    67 |    20 ||    92
  Throw: Javelin           |       |       |       |       |       |     2 ||     2
   Cast: Shock             |    59 |   150 |   201 |   155 |   106 |    30 ||   701
         Static Discharge  |       |       |    25 |    33 |    72 |    44 ||   174
         Airstrike         |       |       |    12 |    35 |   139 |    76 ||   262
         Stone Arrow       |       |       |     4 |   114 |   269 |    54 ||   441
         Poisonous Vapours |       |       |       |   133 |   290 |    83 ||   506
         Swiftness         |       |       |       |     3 |    13 |     5 ||    21
         Mephitic Cloud    |       |       |       |     1 |    31 |     5 ||    37
         Olgreb's Toxic Ra |       |       |       |       |    42 |    20 ||    62
         Orb of Destructio |       |       |       |       |       |   149 ||   149
  Evoke: Wand              |       |       |       |     7 |       |    14 ||    21
         Box of beasts     |       |       |       |     1 |       |     1 ||     2
         Lightning rod     |       |       |       |       |     1 |    10 ||    11
    Use: Scroll            |     4 |     1 |     7 |     8 |     3 |     6 ||    29
         Potion            |       |       |     2 |     2 |     1 |       ||     5
   Stab: Sleeping          |       |       |     1 |       |       |       ||     1
 Armour: Robe              |     3 |    25 |    80 |   146 |   283 |   174 ||   711
         Skin              |       |       |       |       |     2 |       ||     2
  Dodge: Dodged            |    13 |    21 |   112 |   196 |   414 |   242 ||   998
  Block: Other             |       |       |     3 |    54 |    71 |       ||   128
         Reflection        |       |       |       |     8 |     1 |    28 ||    37
         Buckler           |       |       |       |       |    29 |   137 ||   166

Levels and vault maps discovered:
D:1:      nicolae_arrival_memento_mori, layout_basic
D:2:      layout_loops_ring, minmay_fountain_box, kennysheep_generic_room_15,
          uniq_jessica
D:3:      minmay_door_path, layout_basic, serial_shops,
          nicolae_shop_real_fake_doors, roderic_lattice_a
D:4:      layout_gridville, minmay_temple_entry_from_below_a,
          uniq_blork_the_orc, uniq_menkaure
D:5:      layout_loops_corners, uniq_pikel
D:6:      layout_loops_cross, kennysheep_small_spiral, uniq_duvessa,
          uniq_prince_ribbit1, uniq_crazy_yiuf_cottage
D:7:      layout_basic, nicolae_dithmenos_through_a_glass_darkly, minmay_bent
D:8:      layout_loops_ring
D:9:      layout_roguey, gammafunk_temple_overflow_wave,
          minmay_misc_feat_more_columns
D:10:     minmay_roctagon, layout_cross, serial_shops,
          nicolae_shop_behind_doors, kennysheep_boxes
D:11:     layout_roguey, lair_entry_dummy, david_orc_5, gauntlet_entry_generic
D:12:     layout_roguey, minmay_starry_boxes
D:13:     layout_stronghold, hangedman_vaults_entry_quadrant_bands, uniq_nessos,
          uniq_azrael, uniq_jorgrun
Temple:   nicolae_temple_bog_church
Lair:1:   layout_cave_pods, serial_bayou_lake_a, lemuel_fruit_fields,
          uniq_nergalle
Lair:2:   layout_cave_pods, dummy_spider_entry, forest_entry_grove, uniq_amaemon
Lair:3:   layout_chaotic_city, mainiacjoe_shoals_entry_four_pools,
          hellmonk_ghost_happy_afterlife, serial_bayou_shore_b
Lair:4:   layout_gridlike, grunt_forest_large_clearing_hut, grunt_megastairs_3,
          uniq_rupert
Lair:5:   grunt_lair_end_beastmaster, layout_long_grid, slime_entry_1,
          pdpol_lair_cabin_in_the_woods, uniq_kirke
Shoals:1: layout_shoals
Shoals:2: layout_shoals
Shoals:3: layout_shoals, portal_ice_cave_entry_ice_statue_one
Shoals:4: shoals_end_hangedman, layout_shoals
Spider:1: layout_spider_delve
Spider:2: layout_chambers, ebering_ghost_rock_garden
Orc:1:    layout_caves
Orc:2:    st_orc_ogre_mass, layout_diamond_mine

Notes
Turn   | Place    | Note
-------+----------+-------------------------------------------
     0 | D:1      | quinnr the Tengu Air Elementalist began the quest for the
                  | Orb.
     0 | D:1      | Reached XP level 1. HP: 10/10 MP: 4/4
   312 | D:1      | Reached XP level 2. HP: 15/15 MP: 3/6
   343 | D:1      | Reached skill level 2 in Conjurations
  1330 | D:2      | Noticed Jessica
  1333 | D:2      | Reached XP level 3. HP: 19/19 MP: 1/7
  1405 | D:2      | Reached skill level 3 in Conjurations
  1602 | D:2      | Killed Jessica
  1668 | D:2      | Reached skill level 4 in Conjurations
  1668 | D:2      | Reached XP level 4. HP: 22/24 MP: 3/8
  1894 | D:2      | Reached skill level 5 in Air Magic
  2508 | D:3      | Got the Octavo of Solid Jinxing
  2792 | D:3      | Found Yzatul's Jewellery Shoppe.
  2976 | D:3      | Reached skill level 6 in Air Magic
  2976 | D:3      | Reached XP level 5. HP: 28/28 MP: 1/9
  4245 | D:4      | Reached skill level 7 in Air Magic
  4330 | D:4      | Noticed Blork the orc
  4456 | D:4      | Reached XP level 6. HP: 16/32 MP: 6/10
  4618 | D:5      | Entered Level 5 of the Dungeon
  4701 | D:4      | Reached skill level 5 in Conjurations
  4885 | D:4      | Learned a level 4 spell: Airstrike
  4929 | D:4      | Found a staircase to the Ecumenical Temple.
  5058 | D:5      | Reached skill level 8 in Air Magic
  5305 | D:5      | Gained mutation: Your magical flight helps you evade
                  | attacks. (EV +4) [Tengu growth]
  5305 | D:5      | Reached XP level 7. HP: 35/36 MP: 3/11
  5512 | D:5      | Reached skill level 6 in Conjurations
  5565 | D:5      | HP: 1/36 [killer bee (6)]
  5570 | D:5      | Reached skill level 9 in Air Magic
  5572 | D:5      | Reached skill level 7 in Conjurations
  5748 | D:5      | Learned a level 2 spell: Static Discharge
  5831 | D:5      | Noticed Pikel
  5853 | D:5      | Reached skill level 8 in Conjurations
  5853 | D:5      | Reached XP level 8. HP: 36/41 MP: 6/12
  6267 | D:5      | Killed Pikel
  6268 | D:5      | Reached skill level 10 in Conjurations
  6268 | D:5      | Reached skill level 2 in Fighting
  6397 | D:5      | Reached skill level 3 in Spellcasting
  6774 | D:5      | Reached skill level 3 in Fighting
  7203 | D:6      | Noticed Duvessa
  7205 | D:6      | Noticed Dowan
  7221 | D:6      | Killed Dowan
  7337 | D:4      | Noticed Menkaure
  7339 | D:4      | Killed Menkaure
  7340 | D:4      | Reached XP level 9. HP: 48/50 MP: 8/15
  7345 | Temple   | Entered the Ecumenical Temple
  7354 | Temple   | Became a worshipper of Vehumet
  7494 | D:4      | Learned a level 3 spell: Swiftness
  7525 | D:4      | Killed Blork the orc
  7526 | D:4      | Reached skill level 4 in Spellcasting
  8121 | D:6      | Reached skill level 11 in Conjurations
  8297 | D:6      | Killed Duvessa
  8757 | D:6      | Reached skill level 12 in Conjurations
  8902 | D:6      | Noticed Prince Ribbit
  8916 | D:6      | Killed Prince Ribbit
  8979 | D:6      | Reached skill level 3 in Dodging
  8979 | D:6      | Reached skill level 3 in Stealth
  9214 | D:6      | Found a runed translucent door.
  9215 | D:6      | Noticed Crazy Yiuf
  9221 | D:6      | Killed Crazy Yiuf
  9705 | D:7      | Learned a level 3 spell: Stone Arrow
  9768 | D:7      | Reached skill level 4 in Dodging
  9803 | D:7      | Reached skill level 4 in Stealth
  9803 | D:7      | Reached skill level 1 in Earth Magic
 10292 | D:7      | Found a shadowy altar of Dithmenos.
 10398 | D:8      | Reached XP level 10. HP: 56/56 MP: 12/17
 10662 | D:8      | Reached * piety under Vehumet
 10662 | D:8      | Offered knowledge of Foxfire by Vehumet.
 10807 | D:8      | Reached skill level 13 in Conjurations
 10911 | D:8      | Reached skill level 5 in Dodging
 10911 | D:8      | Reached skill level 2 in Earth Magic
 11420 | D:8      | Reached skill level 3 in Earth Magic
 11891 | D:9      | Reached ** piety under Vehumet
 11891 | D:9      | Offered knowledge of Poisonous Vapours by Vehumet.
 11923 | D:9      | Learned a level 2 spell: Poisonous Vapours
 12091 | D:9      | Reached skill level 14 in Conjurations
 12420 | D:9      | Found a burning altar of Makhleb.
 12420 | D:9      | Found a glowing golden altar of the Shining One.
 12684 | D:9      | Reached skill level 4 in Earth Magic
 12685 | D:9      | Reached skill level 1 in Evocations
 12922 | D:10     | Entered Level 10 of the Dungeon
 13014 | D:9      | Reached skill level 2 in Evocations
 13262 | D:10     | Identified a +0 crystal plate armour
 13269 | D:10     | Reached XP level 11. HP: 43/60 MP: 10/18
 13467 | D:10     | Offered knowledge of Volatile Blastmotes by Vehumet.
 13640 | D:10     | Reached skill level 3 in Evocations
 13871 | D:10     | Reached skill level 5 in Earth Magic
 13957 | D:10     | Reached skill level 15 in Conjurations
 13957 | D:10     | Reached skill level 4 in Evocations
 14111 | D:10     | Identified a potion of resistance
 14114 | D:10     | Noticed a boulder beetle
 14166 | D:10     | Noticed a catoblepas
 14180 | D:10     | Killed a catoblepas
 14181 | D:10     | Reached skill level 1 in Poison Magic
 14327 | D:10     | Killed a boulder beetle
 14365 | D:10     | Found the +6 shillelagh "Devastator" {shatter}
 14453 | D:10     | Found Yliexoi's Armour Shop.
 14713 | D:11     | Noticed a cyclops
 14755 | D:11     | Found a staircase to the Lair.
 14827 | D:11     | Found a gate leading to a gauntlet.
 14832 | Gauntlet | Entered a Gauntlet
 14832 | Gauntlet | Found a transporter.
 14841 | Gauntlet | Found a transporter.
 14843 | Gauntlet | Found a transporter.
 14845 | Gauntlet | Found a transporter.
 14876 | Gauntlet | Found a transporter.
 14887 | Gauntlet | Noticed an oklob plant
 14905 | Gauntlet | Found a transporter.
 14907 | Gauntlet | Found a large runed translucent door.
 14907 | Gauntlet | Found a large runed translucent door.
 14908 | Gauntlet | Found a large runed translucent door.
 14908 | Gauntlet | Found a large runed translucent door.
 14909 | Gauntlet | Found a runed translucent door.
 14909 | Gauntlet | Found a large runed translucent door.
 14909 | Gauntlet | Found a large runed translucent door.
 14909 | Gauntlet | Found a runed translucent door.
 14909 | Gauntlet | Found a large runed translucent door.
 14909 | Gauntlet | Found a large runed translucent door.
 14910 | Gauntlet | Found a large runed translucent door.
 14910 | Gauntlet | Found a large runed translucent door.
 14912 | Gauntlet | Found a transporter.
 14926 | Gauntlet | Noticed an orange crystal statue
 14927 | Gauntlet | Found a transporter.
 14942 | Gauntlet | Found a large runed translucent door.
 14942 | Gauntlet | Noticed a reaper
 14943 | Gauntlet | Found a large runed translucent door.
 14944 | Gauntlet | Found a large runed translucent door.
 14945 | Gauntlet | Found a runed translucent gate.
 14946 | Gauntlet | Found a transporter.
 14946 | Gauntlet | Found a runed translucent gate.
 14947 | Gauntlet | Found a runed translucent gate.
 14948 | Gauntlet | Found a large runed translucent door.
 14949 | Gauntlet | Found a large runed translucent door.
 14950 | Gauntlet | Found a large runed translucent door.
 14958 | Gauntlet | Found a transporter.
 14959 | Gauntlet | Noticed a wretched star
 14967 | Gauntlet | Found a transporter.
 14977 | Gauntlet | Noticed an entropy weaver
 14982 | Gauntlet | Found a transporter.
 14983 | Gauntlet | Noticed a reaper
 14987 | Gauntlet | Found a transporter.
 15006 | Gauntlet | Noticed a thrashing horror
 15010 | Gauntlet | Found a transporter.
 15013 | Gauntlet | Noticed a thrashing horror
 15027 | Gauntlet | Found a transporter.
 15047 | Gauntlet | Found a transporter.
 15093 | Gauntlet | Reached skill level 4 in Fighting
 15093 | Gauntlet | Reached skill level 2 in Poison Magic
 15116 | Gauntlet | Found a transporter.
 15118 | Gauntlet | Found a transporter.
 15402 | Gauntlet | Killed a thrashing horror
 15403 | Gauntlet | Reached skill level 3 in Poison Magic
 15404 | Gauntlet | Reached *** piety under Vehumet
 15408 | Gauntlet | Killed a thrashing horror
 15409 | Gauntlet | Reached skill level 5 in Fighting
 15409 | Gauntlet | Reached skill level 6 in Dodging
 15572 | Gauntlet | Identified the staff of Hell's Wrath {+Blink Fly rPois
                  | Poison}
 15572 | Gauntlet | Noticed a minotaur
 15581 | Gauntlet | Killed a minotaur
 15592 | Gauntlet | Identified the +1 dagger of the Modern Tables {vamp,
                  | ^Contam rPois rN+ Will+}
 15826 | D:11     | Noticed a two-headed ogre
 15832 | D:11     | Killed a two-headed ogre
 15833 | D:11     | Reached skill level 4 in Poison Magic
 15833 | D:11     | Reached XP level 12. HP: 69/69 MP: 5/19
 15955 | D:11     | Reached skill level 6 in Fighting
 16053 | D:11     | Reached skill level 7 in Dodging
 16298 | D:11     | Noticed a five-headed hydra
 16306 | D:11     | Killed a five-headed hydra
 16560 | D:11     | Offered knowledge of Mephitic Cloud by Vehumet.
 16735 | D:11     | Found a staircase to the Orcish Mines.
 16739 | D:11     | Reached skill level 7 in Fighting
 16771 | D:11     | Reached skill level 8 in Dodging
 17641 | D:12     | Noticed a two-headed ogre
 17672 | D:12     | Killed a two-headed ogre
 17673 | D:12     | Reached skill level 8 in Fighting
 17673 | D:12     | Reached skill level 9 in Dodging
 17688 | D:11     | Reached **** piety under Vehumet
 17846 | D:12     | Noticed a two-headed ogre
 17850 | D:12     | Killed a two-headed ogre
 17991 | D:12     | Noticed a boulder beetle
 18005 | D:12     | Killed a boulder beetle
 18220 | D:12     | Reached skill level 9 in Fighting
 18220 | D:12     | Reached skill level 10 in Dodging
 18224 | D:12     | Learned a level 3 spell: Mephitic Cloud
 18437 | D:12     | Got the Vellum of the Charred Damned
 18635 | D:12     | Offered knowledge of Olgreb's Toxic Radiance by Vehumet.
 19095 | D:13     | Noticed Nessos
 19106 | D:13     | Killed Nessos
 19107 | D:13     | Reached skill level 5 in Spellcasting
 19107 | D:13     | Reached XP level 13. HP: 62/80 MP: 3/22
 19107 | D:13     | Noticed Jorgrun
 19340 | Lair:1   | Entered Level 1 of the Lair of Beasts
 19418 | D:11     | Reached skill level 6 in Spellcasting
 19661 | Lair:1   | Learned a level 4 spell: Olgreb's Toxic Radiance
 20178 | Lair:1   | Noticed Nergalle
 20187 | Lair:1   | Killed Nergalle
 20188 | Lair:1   | Reached skill level 10 in Fighting
 20888 | Lair:2   | Found a hole to the Spider Nest.
 20924 | Lair:2   | Noticed Amaemon
 20949 | Lair:2   | Killed Amaemon
 20950 | Lair:2   | Reached skill level 1 in Throwing
 21118 | Lair:2   | Reached skill level 2 in Throwing
 21411 | Lair:2   | Reached skill level 3 in Throwing
 22556 | Lair:3   | Noticed mdonais's ghost (journeyman OpRe)
 22560 | Lair:3   | Found a runed translucent door.
 22594 | Lair:3   | Reached skill level 4 in Throwing
 22791 | Lair:3   | Reached skill level 6 in Earth Magic
 23133 | Lair:3   | Reached skill level 5 in Throwing
 23280 | Lair:3   | Reached skill level 11 in Fighting
 23735 | Lair:3   | Found a staircase to the Shoals.
 24645 | Lair:4   | Reached skill level 12 in Fighting
 24727 | Lair:5   | Entered Level 5 of the Lair of Beasts
 24896 | Lair:4   | Reached XP level 14. HP: 82/92 MP: 2/24
 25321 | Lair:4   | Reached skill level 13 in Fighting
 25636 | Lair:4   | Noticed Rupert
 25998 | Lair:4   | Identified the +9 plate armour of Kuot Yjo {Rampage rElec
                  | rN+}
 26047 | Lair:4   | Killed Rupert
 26047 | Lair:4   | Reached ***** piety under Vehumet
 26165 | Lair:4   | Reached skill level 10 in Air Magic
 26355 | Lair:4   | Offered knowledge of Arcjolt by Vehumet.
 26802 | Lair:4   | Reached skill level 5 in Poison Magic
 27845 | Lair:5   | Reached skill level 7 in Spellcasting
 27849 | Lair:5   | Reached skill level 16 in Conjurations
 28107 | Lair:5   | Reached skill level 11 in Air Magic
 28107 | Lair:5   | Reached skill level 6 in Poison Magic
 29051 | Lair:5   | Reached skill level 1 in Shields
 29629 | Lair:5   | Reached skill level 2 in Shields
 29631 | Lair:5   | Reached XP level 15. HP: 98/98 MP: 5/27
 29840 | Lair:5   | Reached skill level 8 in Spellcasting
 29845 | Lair:5   | Reached skill level 7 in Poison Magic
 29991 | Lair:5   | Reached skill level 12 in Air Magic
 30110 | Lair:5   | Identified the +3 scale mail of Iquegh {Int+5 Stlth+}
 30117 | Lair:5   | Found a viscous altar of Jiyva.
 30118 | Lair:5   | Found a staircase to the Slime Pits.
 30281 | Lair:5   | Reached skill level 3 in Shields
 31063 | Lair:5   | Reached skill level 4 in Shields
 31394 | Lair:5   | Reached skill level 8 in Poison Magic
 31655 | Lair:5   | Noticed Kirke
 31969 | Lair:5   | Killed Kirke
 32149 | Lair:5   | Found a runed translucent door.
 32236 | Lair:5   | Reached skill level 9 in Poison Magic
 32628 | Lair:3   | Killed mdonais's ghost
 32848 | Orc:1    | Entered Level 1 of the Orcish Mines
 32849 | Orc:1    | Offered knowledge of Irradiate by Vehumet.
 33055 | Orc:2    | Entered Level 2 of the Orcish Mines
 33547 | Orc:2    | Found a staircase to the Elven Halls.
 33614 | Orc:2    | Reached skill level 10 in Poison Magic
 34429 | Orc:2    | Reached skill level 5 in Stealth
 34905 | Orc:2    | Noticed an orc warlord
 35138 | Orc:2    | Killed an orc warlord
 35303 | Orc:2    | Reached skill level 11 in Dodging
 35432 | Orc:2    | Found Neid's Antique Armour Shoppe.
 35432 | Orc:2    | Found Duowk's Antique Weapon Shop.
 35539 | Orc:2    | Reached skill level 17 in Conjurations
 35740 | Orc:2    | Reached XP level 16. HP: 104/104 MP: 12/29
 35978 | Orc:2    | Found Noashoell's General Store.
 35978 | Orc:2    | Found Givawkae's Book Boutique.
 36181 | Orc:2    | Bought a book of Dangerous Friends for 520 gold pieces
 36189 | Orc:2    | Learned a level 7 spell: Orb of Destruction
 36331 | Shoals:1 | Entered Level 1 of the Shoals
 37390 | Shoals:1 | Reached skill level 12 in Dodging
 37820 | Spider:1 | Entered Level 1 of the Spider Nest
 38610 | Spider:1 | Reached skill level 18 in Conjurations
 39406 | Spider:1 | Offered knowledge of Plasma Beam by Vehumet.
 40106 | Spider:1 | Reached skill level 13 in Dodging
 41522 | Shoals:2 | Noticed a kraken
 41531 | Shoals:2 | Killed a kraken
 42117 | Shoals:3 | Found a frozen archway.
 42154 | Shoals:3 | Reached skill level 19 in Conjurations
 42556 | IceCv    | Entered an ice cave
 43245 | IceCv    | Identified the -1 pair of gloves of the Land of Plenty
                  | {Str+3}
 43431 | IceCv    | Reached skill level 14 in Dodging
 43792 | IceCv    | Noticed an Ice Fiend
 43796 | IceCv    | Killed an Ice Fiend
 43939 | IceCv    | Identified the +5 ice dragon scales of Sashobit {*Corrode
                  | rPois rF- rC++ Int+5 Dex+4}
 44117 | Shoals:3 | Offered knowledge of Conjure Ball Lightning by Vehumet.
 44241 | Shoals:3 | Reached skill level 20 in Conjurations
 44241 | Shoals:3 | Reached XP level 17. HP: 100/108 MP: 13/30
 44914 | Shoals:3 | Identified the +7 long sword of Flawed Execution {vamp,
                  | *Slow rF+ Will+ Dex+3}
 45414 | Shoals:3 | Reached skill level 9 in Spellcasting
 45763 | Shoals:4 | Entered Level 4 of the Shoals
 46505 | Shoals:4 | Identified the +1 arbalest of Dung {antimagic, rF- rC+ rN+}
 46869 | Shoals:4 | Reached skill level 10 in Spellcasting
 47529 | Shoals:4 | HP: 9/108 [/static electricity (3)]
 47529 | Shoals:4 | Succumbed to a sea snake's poison

Vanquished Creatures
  Rupert (Lair:4)
  An Ice Fiend (IceCv)
  A kraken (Shoals:2)
  Kirke (Lair:5)
  An orc warlord (Orc:2)
  Nessos (D:13)
  A minotaur (Gauntlet)
  4 merfolk impalers
  The ghost of mdonais the Fighter, a journeyman OpRe of Okawaru (Lair:3)
  10 hydras
  A catoblepas (Lair:5)
  7 boulder beetles
  4 ogre magi (Orc:2)
  2 merfolk avatars
  A centaur warrior (Shoals:3)
  A satyr (Shoals:3)
  A deep troll shaman (Lair:5)
  21 two-headed ogres
  An alligator snapping turtle (Shoals:4)
  2 thrashing horrors (Gauntlet)
  16 death yaks
  A demonic crawler (Spider:2)
  A vampire mage (Lair:5)
  Nergalle (Lair:1)
  Amaemon (Lair:2)
  A pharaoh ant (Spider:1)
  8 sea snakes
  2 spriggan simulacra (IceCv)
  An orb spider (Spider:1)
  A bog body (IceCv)
  An orc knight (D:11)
  8 wolf spiders (Spider:1)
  A steelbarb worm (Spider:1)
  Pikel (D:5)
  5 harpies
  2 ugly things (D:12)
  2 deep elf pyromancers (D:12)
  A cyclops (D:11)
  16 fauns
  9 manticores
  A moth of wrath (Spider:1)
  3 merfolk sirens
  19 elephants
  4 water nymphs
  An ice statue (Shoals:3)
  7 black mambas
  An orange demon (Lair:2)
  5 gargoyles
  A torpor snail (Lair:1)
  9 cane toads
  5 rime drakes
  A kobold demonologist (D:12)
  8 freezing wraiths (IceCv)
  A golden dragon simulacrum (IceCv)
  6 komodo dragons
  An anaconda simulacrum (IceCv)
  2 ice devils (IceCv)
  7 trolls
  20 merfolk
  5 polar bears
  2 alligator simulacra (IceCv)
  7 tarantellas (Spider:1)
  2 hornets (Gauntlet)
  5 wind drakes
  10 blink frogs
  Prince Ribbit (D:6)
  8 snapping turtles
  10 dream sheep
  9 jumping spiders
  2 slime creatures (Gauntlet)
  4 culicivoras
  2 spriggans
  A vampire (D:11)
  A water elemental (Shoals:2)
  3 wraiths
  2 wyverns
  A human (Lair:5)
  45 yaks
  10 redbacks (Spider:1)
  2 steam dragons
  9 vampire mosquitoes
  4 basilisks
  5 hogs
  5 minotaur simulacra (IceCv)
  Menkaure (D:4)
  3 wargs
  A harpy simulacrum (IceCv)
  Duvessa (D:6)
  14 water moccasins
  An ice beast (D:7)
  4 black bears
  18 orc warriors
  An ettin simulacrum (IceCv)
  26 ogres
  12 wolves
  8 centaurs
  3 lemures (D:5)
  Blork the orc (D:4)
  2 gnoll sergeants
  13 bullfrogs
  2 kobold brigands
  4 scorpions
  2 deep troll simulacra (IceCv)
  3 small abominations (Gauntlet)
  5 wights (D:9)
  Dowan (D:6)
  6 killer bees (D:5)
  A lindwurm simulacrum (IceCv)
  4 electric eels
  4 howler monkeys
  3 lava snakes (D:10)
  4 hounds
  11 orc priests
  2 jellies (Gauntlet)
  Crazy Yiuf (D:6)
  4 sleepcaps
  Jessica (D:2)
  3 iguanas
  14 orc wizards
  6 adders
  12 gnolls
  A shadow imp (D:7)
  A white imp (D:5)
  2 ufetubi (D:7)
  3 worms
  2 dart slugs
  71 orcs
  8 ball pythons
  6 endoplasms
  4 giant cockroaches
  6 goblins
  6 hobgoblins
  3 jackals (D:2)
  3 quokkas
  5 bats
  6 frilled lizards
  19 kobolds
  A rat (D:2)
  3 tentacles (Shoals:2)
751 creatures vanquished.

Vanquished Creatures (collateral kills)
  A broodmother (Spider:1)
  A catoblepas (D:10)
  A jumping spider (Spider:1)
3 creatures vanquished.

Vanquished Creatures (others)
  3 tentacles (Shoals:2)
3 creatures vanquished.

Grand Total: 757 creatures vanquished

Table legend: (Time is in decaauts)
 A = Elapsed time spent in this place.
 B = Non-inter-level travel time spent in this place.
 C = Inter-level travel time spent in this place.
 D = Time resting spent in this place.
 E = Time spent auto-exploring this place.
 F = Levels seen in this place.
 G = Mean time per level.
                   A        B        C        D        E       F      G
               +--------+--------+--------+--------+--------+-----+--------+
         Total |  47560 |  45383 |   2177 |   7812 |  29649 |  29 | 1640.0 |
       Dungeon |  18749 |  17720 |   1029 |   1441 |  13643 |  13 | 1442.2 |
        Temple |     18 |      1 |     17 |      0 |      0 |   1 |   18.0 |
          Lair |  14214 |  13606 |    608 |   2526 |   8873 |   5 | 2842.8 |
        Shoals |   6771 |   6459 |    312 |   1927 |   3180 |   4 | 1692.8 |
   Spider Nest |   2075 |   1950 |    125 |     45 |   1625 |   2 | 1037.5 |
  Orcish Mines |   3321 |   3235 |     86 |   1455 |   1103 |   2 | 1660.5 |
      Ice Cave |   1536 |   1536 |      0 |    265 |    965 |   1 | 1536.0 |
      Gauntlet |    873 |    873 |      0 |    153 |    259 |   1 |  873.0 |
               +--------+--------+--------+--------+--------+-----+--------+

Top non-repeatable levels by time:
  Lair:5: 4628 daAuts
  Lair:4: 3656 daAuts
  Lair:3: 2363 daAuts
Shoals:3: 2328 daAuts
  Lair:2: 2251 daAuts
     D:5: 2217 daAuts
    D:11: 2082 daAuts
Spider:1: 2034 daAuts
     D:4: 1917 daAuts
    D:12: 1895 daAuts
   Orc:2: 1870 daAuts
Shoals:1: 1727 daAuts
Shoals:2: 1663 daAuts
    D:10: 1651 daAuts
   IceCv: 1536 daAuts

Table legend:
 A = Non-vault XP
 B = Vault XP
 C = Vault XP percentage of total XP
 D = Non-vault monster count
 E = Vault monster count
 F = Vault count percentage of total count
                 A         B        C        D         E       F
            +---------+---------+-------+---------+---------+-------
      Total |  127274 |   75368 |  37.2 |     543 |     205 |  27.4
            +---------+---------+-------+---------+---------+-------
        D:1 |      28 |       0 |   0.0 |      17 |       0 |   0.0
        D:2 |      51 |      41 |  44.6 |      23 |       3 |  11.5
        D:3 |      91 |      11 |  10.8 |      14 |       4 |  22.2
        D:4 |     384 |     271 |  41.4 |      21 |       2 |   8.7
        D:5 |    1106 |     593 |  34.9 |      29 |       1 |   3.3
        D:6 |     691 |     527 |  43.3 |      15 |       4 |  21.1
        D:7 |     258 |     579 |  69.2 |       4 |       8 |  66.7
        D:8 |    1718 |       0 |   0.0 |      29 |       0 |   0.0
        D:9 |    2351 |       0 |   0.0 |      25 |       0 |   0.0
       D:10 |    1941 |    3121 |  61.7 |      19 |       6 |  24.0
       D:11 |    4599 |    1500 |  24.6 |      12 |      21 |  63.6
       D:12 |    5825 |    2808 |  32.5 |      28 |       6 |  17.6
       D:13 |       0 |    1032 | 100.0 |       0 |       1 | 100.0
     Lair:1 |    3614 |     783 |  17.8 |      19 |       1 |   5.0
     Lair:2 |    3107 |    2307 |  42.6 |      16 |       9 |  36.0
     Lair:3 |    5557 |    1836 |  24.8 |      25 |       4 |  13.8
     Lair:4 |   13630 |    6210 |  31.3 |      34 |      11 |  24.4
     Lair:5 |   20107 |   14668 |  42.2 |      44 |      30 |  40.5
   Shoals:1 |    7963 |       0 |   0.0 |      17 |       0 |   0.0
   Shoals:2 |    7189 |       0 |   0.0 |      11 |       0 |   0.0
   Shoals:3 |   15164 |     447 |   2.9 |      29 |       1 |   3.3
   Shoals:4 |    7906 |    5248 |  39.9 |      18 |      10 |  35.7
   Spider:1 |   17269 |       0 |   0.0 |      46 |       0 |   0.0
   Spider:2 |     797 |       0 |   0.0 |       1 |       0 |   0.0
      Orc:1 |    1435 |    2813 |  66.2 |      18 |       6 |  25.0
      Orc:2 |    4493 |   16467 |  78.6 |      29 |      37 |  56.1
      IceCv |       0 |   10010 | 100.0 |       0 |      28 | 100.0
   Gauntlet |       0 |    4096 | 100.0 |       0 |      12 | 100.0
            +---------+---------+-------+---------+---------+-------

Levels and vault maps discovered:
D:1:      nicolae_arrival_memento_mori, layout_basic
D:2:      layout_loops_ring, minmay_fountain_box, kennysheep_generic_room_15,
          uniq_jessica
D:3:      minmay_door_path, layout_basic, serial_shops,
          nicolae_shop_real_fake_doors, roderic_lattice_a
D:4:      layout_gridville, minmay_temple_entry_from_below_a,
          uniq_blork_the_orc, uniq_menkaure
D:5:      layout_loops_corners, uniq_pikel
D:6:      layout_loops_cross, kennysheep_small_spiral, uniq_duvessa,
          uniq_prince_ribbit1, uniq_crazy_yiuf_cottage
D:7:      layout_basic, nicolae_dithmenos_through_a_glass_darkly, minmay_bent
D:8:      layout_loops_ring
D:9:      layout_roguey, gammafunk_temple_overflow_wave,
          minmay_misc_feat_more_columns
D:10:     minmay_roctagon, layout_cross, serial_shops,
          nicolae_shop_behind_doors, kennysheep_boxes
D:11:     layout_roguey, lair_entry_dummy, david_orc_5, gauntlet_entry_generic
D:12:     layout_roguey, minmay_starry_boxes
D:13:     layout_stronghold, hangedman_vaults_entry_quadrant_bands, uniq_nessos,
          uniq_azrael, uniq_jorgrun
Temple:   nicolae_temple_bog_church
Lair:1:   layout_cave_pods, serial_bayou_lake_a, lemuel_fruit_fields,
          uniq_nergalle
Lair:2:   layout_cave_pods, dummy_spider_entry, forest_entry_grove, uniq_amaemon
Lair:3:   layout_chaotic_city, mainiacjoe_shoals_entry_four_pools,
          hellmonk_ghost_happy_afterlife, serial_bayou_shore_b
Lair:4:   layout_gridlike, grunt_forest_large_clearing_hut, grunt_megastairs_3,
          uniq_rupert
Lair:5:   grunt_lair_end_beastmaster, layout_long_grid, slime_entry_1,
          pdpol_lair_cabin_in_the_woods, uniq_kirke
Shoals:1: layout_shoals
Shoals:2: layout_shoals
Shoals:3: layout_shoals, portal_ice_cave_entry_ice_statue_one
Shoals:4: shoals_end_hangedman, layout_shoals
Spider:1: layout_spider_delve
Spider:2: layout_chambers, ebering_ghost_rock_garden
Orc:1:    layout_caves
Orc:2:    st_orc_ogre_mass, layout_diamond_mine
